 Dungeon Crawl Stone Soup version 0.17.0-28-g6e173f8 (webtiles) character file.

337 Krapule the Changer (level 6, -11/47 HPs)
             Began as a Merfolk Transmuter on Nov 26, 2015.
             Mangled by an ogre
             ... wielding a +0 giant club
              (19 damage)
             ... on level 4 of the Dungeon.
             The game lasted 00:38:53 (4869 turns).

Krapule the Changer (Merfolk Transmuter)            Turns: 4869, Time: 00:38:53

Health: -11/47     AC:  6    Str: 10    XL:     6   Next: 54%
Magic:  10/10      EV: 12    Int: 12    God:
Gold:   142        SH:  0    Dex: 17    Spells: 2 memorised, 6 levels left

rFire  . . .     SeeInvis .     n - +2 falchion (slice)
rCold  . . .     Clarity  .     o - +0 ring mail (curse)
rNeg   . . .     SustAt   .     (no shield)
rPois  +         Gourm    .     (no helmet)
rElec  .         Spirit   .     s - +0 cloak (curse)
rCorr  .         Warding  .     (no gloves)
rMut   .         Stasis   .     (no boots)
MR     .....                    (no amulet)
Stlth  ++........               v - ring of poison resistance
                                q - ring of stealth

@: not resistant to hostile enchantments, unstealthy
A: change form in water, swift swim
a: no special abilities


You were on level 4 of the Dungeon.
You were hungry.

You visited 1 branch of the dungeon, and saw 5 of its levels.

You collected 142 gold pieces.

Inventory:

Hand Weapons
 n - a +2 falchion of slicing (weapon)
Missiles
 a - 46 arrows
Armour
 b - a +0 robe
 g - a +0 buckler
 o - a cursed +0 ring mail (worn)
 s - a cursed +0 cloak (worn)
Jewellery
 q - a ring of stealth (left hand)
 v - a ring of poison resistance (right hand)
Scrolls
 e - 3 scrolls of remove curse {unknown}
 h - 5 scrolls of teleportation
 j - 8 scrolls of identify {unknown}
 l - 5 scrolls of noise {unknown}
 m - a scroll of enchant weapon {unknown}
Potions
 f - a potion of beneficial mutation {unknown}
 i - a potion of might {unknown}
 k - a potion of curing {unknown}
 r - a potion of heal wounds
 t - 2 potions of degeneration {unknown}
Books
 c - a book of Changes

   Spells                             Type                      Level
   a - Beastly Appendage              Transmutation                1
   b - Sticks to Snakes               Transmutation                2
   c - Spider Form                    Transmutation/Poison         3
   d - Ice Form                       Ice/Transmutation            4
   e - Blade Hands                    Transmutation                5
Comestibles
 d - 5 bread rations
 p - 3 meat rations
 u - a beef jerky


   Skills:
 + Level 3.5 Fighting
 + Level 4.7 Dodging
 - Level 1.0 Stealth
 - Level 4.0 Unarmed Combat
 + Level 2.7 Spellcasting
 + Level 5.2 Transmutations


You had 6 spell levels left.
You knew the following spells:

 Your Spells              Type           Power        Failure   Level  Hunger
a - Beastly Appendage     Trmt           ##....       10%         1    #......
b - Spider Form           Trmt/Pois      #.........   77%         3    ###....


Dungeon Overview and Level Annotations

Branches:
Dungeon (5/15)
 Temple: D:4-7

Altars:
Qazlal
Ru
Trog


Message History

Found a runed rapier.
The ogre shouts!
You see here 25 sling bullets.
There is a stone staircase leading down here.
You climb downwards.
There is a stone staircase leading up here.
You climb upwards.
The ogre completely misses you.
There is a stone staircase leading down here.
You slash the ogre!
The ogre is heavily wounded.
The ogre hits you with a giant club!
You hit the ogre.
The ogre is severely wounded.
The ogre hits you with a giant club!
You hit the ogre.
The ogre is almost dead.
The ogre hits you with a giant club!!
* * * LOW HITPOINT WARNING * * *
The ogre hits you with a giant club!!
You die...

########## #........# #.######.#
#.# #.# #.# #.#
#.######.############
#########.#.O@............[.#
#...........####.##########.#
#.#######.### #.#...# ####.##
##>## #.# ##.#...###...l..
##...## #.#####..........#####
##..<..#####.#............#)# #
#.........................#.# #
.........#########.##...###)### #
#.........####.###.##...[.[.#.###


You could see an ogre.

Vanquished Creatures
  A jelly (D:5)
  2 orc wizards (D:4)
  A worker ant (D:4)
  An iguana (D:4)
  A hound zombie (D:3)
  4 gnolls (D:3)
  6 adders
  2 oozes
  11 orcs
  12 bats
  4 giant cockroaches
  5 goblins
  9 hobgoblins
  6 kobolds
  A ball python skeleton (D:4)
  4 giant geckos
  3 giant newts (D:2)
  10 rats
83 creatures vanquished.

Notes
Turn   | Place    | Note
--------------------------------------------------------------
     0 | D:1      | Krapule the Merfolk Transmuter began the quest for the Orb.
     0 | D:1      | Reached XP level 1. HP: 15/15 MP: 3/3
   450 | D:1      | Reached XP level 2. HP: 14/21 MP: 3/5
  1189 | D:1      | Reached XP level 3. HP: 27/27 MP: 4/6
  1427 | D:1      | Reached skill level 1 in Stealth
  1750 | D:2      | Reached XP level 4. HP: 33/33 MP: 7/7
  1761 | D:2      | Learned a level 3 spell: Spider Form
  2357 | D:3      | Reached skill level 4 in Transmutations
  2769 | D:3      | Found a stormy altar of Qazlal.
  2895 | D:3      | Reached XP level 5. HP: 29/39 MP: 8/8
  3689 | D:4      | Found a sacrificial altar of Ru.
  3795 | D:4      | Noticed an ogre
  3881 | D:4      | Reached XP level 6. HP: 40/47 MP: 9/9
  4180 | D:4      | Reached skill level 5 in Transmutations
  4483 | D:5      | Entered Level 5 of the Dungeon
  4794 | D:4      | Found a bloodstained altar of Trog.
  4869 | D:4      | Mangled by an ogre

Action                   |  1- 3 |  4- 6 || total
-------------------------+-------+-------++-------
Melee: Unarmed           |   145 |    43 ||   188
       Falchion          |       |   152 ||   152
 Cast: Beastly Appendage |    11 |    14 ||    25
  Use: Potion            |     1 |       ||     1
       Scroll            |       |     2 ||     2
 Stab: Sleeping          |       |     5 ||     5
  Eat: Chunk             |     2 |     9 ||    11
       Pizza             |       |     1 ||     1
